Map: 绿色温室 - 天梯版 (虚空)

Players

Elazer - Winner!

  • Race: Zerg Zerg
  • Spawn Location: 1:00

iAsonu

  • Race: Zerg Zerg
  • Spawn Location: 7:00

Event: WESG 2016 Finals

VOD

Have the link to the VOD?

Description

Time

  • Played on: Jan. 13, 2017, 2:29 a.m.
  • Length: 8:12

All games in this series

Show
View Real Time Build Order
Export as new Build Order

Elazer Zerg - Winner!

Build Orders: Hatch First 

Get SALT Encoding   

  12  0:00  Drone  
  13  0:12  Overlord  
  13  0:17  Drone  
  14  0:30  Drone x2  
  14  0:34  Drone  
  17  0:51  Hatchery  
  17  0:53  Drone  
  17  0:56  Drone  
  18  1:07  Extractor  
  18  1:10  Spawning Pool  
  16  1:14  Drone  
  16  1:17  Drone  
  18  1:27  Drone  
  19  1:39  Overlord  
  19  1:49  Drone  
  20  1:57  Queen  
  20  2:00  Drone  
  23  2:02  Drone, Queen  
  23  2:07  Metabolic Boost  
  26  2:11  Drone  
  26  2:13  Drone  
  28  2:25  Hatchery  
  28  2:28  Zergling x2  
  28  2:35  Queen  
  31  2:37  Drone  
  31  2:40  Drone  
  31  2:44  Overlord  
  32  2:49  Drone x2  
  34  2:55  Drone  
  35  3:04  Zergling x2  
  35  3:05  Zergling x4  
  38  3:09  Zergling x6  
  38  3:10  Zergling x2  
  38  3:11  Zergling x4  
  44  3:17  Baneling Nest  
  43  3:21  Overlord  
  43  3:23  Drone  
  44  3:38  Queen  
  44  3:39  Zergling x2  
  44  3:40  Zergling x4  
  49  3:43  Queen  
  49  3:46  Zergling x6  
  49  3:48  Overlord  
  54  4:03  Baneling x3  
  54  4:05  Baneling  
  54  4:06  Drone  
  54  4:07  Overlord  
  55  4:17  Queen  
  55  4:21  Drone x3  
  55  4:22  Extractor  
  55  4:23  Roach Warren  
  58  4:27  Overlord  
  58  4:33  Drone x4  
  58  4:35  Baneling x2  
  62  4:41  Zergling x2  
  62  4:42  Zergling x6  
  66  4:48  Drone x2  
  66  4:49  Drone x2  
  66  4:52  Extractor  
  68  4:56  Drone x4  
  72  5:06  Drone x2, Overlord  
  75  5:07  Drone  
  75  5:19  Overlord  
  75  5:21  Drone x4  
  76  5:27  Roach x4  
  82  5:36  Overlord x2  
  82  5:37  Roach  
  82  5:38  Roach  
  86  5:54  Roach x4  
  86  5:55  Roach x5  
  102  6:11  Roach x6  
  112  6:19  Overlord  
  111  6:31  Roach x2  
  113  6:37  Zergling x2  
  113  6:38  Zergling x14  
  116  6:40  Baneling x2  
  116  6:42  Ravager x3  
  115  6:47  Zergling x4  
  115  6:48  Zergling x4  
  115  6:51  Overlord  
  115  6:52  Zergling x2  
  115  6:53  Zergling x4  
  106  7:09  Zergling x10  
  106  7:15  Roach x2  
  108  7:23  Roach x7  
  108  7:25  Zergling x2  
  108  7:26  Ravager  
  108  7:29  Zergling x4  
  109  7:39  Roach x2  
  109  7:46  Roach x2  
  113  7:52  Roach x4  
  113  7:53  Roach x3  
  123  8:08  Ravager  
Show
View Real Time Build Order
Export as new Build Order

iAsonu Zerg 

Build Orders: Hatch First 

Get SALT Encoding   

  12  0:01  Drone  
  13  0:12  Overlord  
  13  0:17  Drone  
  14  0:31  Drone x2  
  14  0:35  Drone  
  17  0:51  Hatchery  
  17  0:54  Drone  
  17  0:56  Drone  
  18  1:07  Extractor  
  18  1:11  Spawning Pool  
  16  1:13  Drone  
  16  1:17  Drone  
  18  1:28  Drone  
  19  1:41  Overlord  
  19  1:50  Drone  
  20  1:57  Queen  
  20  2:00  Zergling x2  
  23  2:03  Queen  
  23  2:04  Drone  
  23  2:08  Metabolic Boost  
  26  2:12  Drone  
  27  2:17  Drone  
  28  2:24  Drone  
  28  2:25  Drone  
  30  2:33  Hatchery  
  29  2:37  Drone  
  29  2:38  Drone  
  31  2:47  Overlord  
  31  2:52  Baneling Nest  
  31  2:53  Drone  
  31  2:55  Zergling x2  
  32  3:04  Zergling x2  
  33  3:07  Zergling x6  
  33  3:08  Zergling x2  
  33  3:10  Zergling x4  
  39  3:14  Zergling x4  
  41  3:22  Overlord  
  41  3:26  Zergling x2  
  42  3:34  Zergling x4  
  42  3:41  Baneling  
  44  3:42  Zergling x12  
  50  3:49  Zergling x4  
  52  3:56  Baneling x2  
  52  3:58  Zergling x2  
  52  3:59  Zergling x4  
  55  4:07  Zergling x6  
  57  4:19  Overlord  
  57  4:24  Overlord  
  57  4:36  Queen  
  57  4:37  Overlord  
  59  4:38  Drone  
  59  4:39  Drone x5  
  59  4:43  Baneling  
  65  4:47  Drone  
  65  4:50  Drone  
  65  4:51  Roach Warren  
  66  4:55  Drone x6  
  69  5:00  Drone x2  
  69  5:02  Drone  
  69  5:04  Drone  
  73  5:08  Drone  
  73  5:11  Extractor  
  73  5:13  Extractor  
  72  5:14  Evolution Chamber  
  72  5:16  Drone x2  
  72  5:19  Drone  
  74  5:25  Overlord x2  
  74  5:28  Baneling  
  71  5:29  Drone  
  71  5:30  Drone  
  72  5:36  Drone  
  72  5:37  Baneling x2  
  72  5:41  Overlord  
  70  5:56  Drone  
  69  5:59  Lair, Overlord  
  69  6:01  Zerg Missile Weapons Level 1  
  69  6:04  Drone  
  69  6:06  Drone  
  69  6:08  Zergling x6  
  73  6:15  Roach  
  73  6:16  Roach x7  
  87  6:19  Roach  
  87  6:22  Roach  
  91  6:28  Roach  
  91  6:30  Roach  
  91  6:31  Roach  
  91  6:32  Roach  
  98  6:34  Overlord  
  98  6:36  Roach  
  98  6:38  Overlord  
  98  6:39  Baneling x3  
  97  6:45  Overlord  
  97  6:47  Baneling  
  97  6:48  Baneling  
  97  6:56  Overlord  
  90  7:04  Roach x9  
  85  7:17  Roach x4  
  82  7:22  Roach  
  82  7:23  Roach  
  69  7:35  Roach x2  
  57  7:40  Roach  
  53  7:50  Roach  
Tags
 
Add a new tag
Caveats
  • Supply blocks, unpowered buildings, or Contaminate may cause inaccurate times.
  • Supply counts are checked every 10 seconds.